AoeStats
← varunalur2879

Arena

510678965Analyzed
3v3 RM · 1d ago on Oct 2, 2026· 48m 19s· 6 players
Game mode
Random Map
Map size
Normal (6 player)
Population
200
Speed
Normal
Resources
Standard
Victory
Conquest
Starting age
Dark Age
Ending age
Imperial Age
RankedLock teamsTeams togetherTeam positionsShared explorationLock speedFull tech treeHidden civsTurbo modeCheats
Victory
Defeat
🇻🇳 Turks · Vietnam
1385
+14
🇭🇰 Huns · Hong Kong SAR China
1325
+17
🇮🇳 Varangians · India
1300
+17
🇨🇴 Turks · Colombia
1387
-18
🇺🇸 Malians · United States
1347
-16
🇧🇴 Persians · Bolivia
1290
-14
varunalur2879
10:50 Feudal Age
14:40 Castle Age
12:52 Horse Collar
13:29 Fletching
13:49 Double-Bit Axe
15:40 Bow Saw
19:21 Wheelbarrow
18:32 Elite Skirmisher
20:39 Bodkin Arrow
25:09 Ballistics
29:02 Imperial Age
28:07 Gold Mining
28:38 Padded Archer Armor
28:40 Loom
30:12 Conscription
29:25 Capped Ram
30:10 Bracer
31:17 Two-Man Saw
31:23 Leather Archer Armor
32:12 Chemistry
32:23 Scale Mail Armor
32:21 Pikeman
33:02 Squires
34:01 Halberdier
36:06 Forging
38:59 Chain Mail Armor
39:20 Stone Mining
40:24 Plate Mail Armor
42:06 Coinage
44:00 Heavy Plow
45:55 Iron Casting
47:07 Banking
46:38 Caravan
Just for fun
10:01 Feudal Age
14:25 Castle Age
13:09 Horse Collar
13:16 Double-Bit Axe
17:14 Loom
20:24 Heavy Plow
21:30 Scale Barding Armor
23:05 Forging
26:32 Chain Barding Armor
27:31 Bloodlines
28:08 Iron Casting
27:30 Gold Mining
30:05 Husbandry
30:02 Light Cavalry
30:47 Fletching
32:28 Wheelbarrow
34:47 Imperial Age
33:56 Bow Saw
35:47 Hand Cart
35:36 Marauders
34:57 Elite Tarkan
36:15 Plate Barding Armor
36:41 Blast Furnace
36:19 Conscription
35:50 Cavalier
37:48 Two-Man Saw
37:30 Gold Shaft Mining
38:54 Hussar
42:50 Pikeman
43:46 Scale Mail Armor
43:42 Halberdier
44:42 Chain Mail Armor
45:44 Squires
45:29 Arson
gianghodd01
11:23 Feudal Age
11:52 Double-Bit Axe
11:48 Horse Collar
16:52 Castle Age
15:12 Gold Mining
17:24 Wheelbarrow
25:24 Loom
30:07 Imperial Age
34:00 Town Watch
[SICK] NAUTIKOS
2:53 Loom
9:18 Feudal Age
15:39 Castle Age
33:54 Imperial Age
33:56 Wheelbarrow
35:47 Farimba
36:18 Forging
37:39 Iron Casting
37:21 Double-Bit Axe
38:40 Scale Barding Armor
41:24 Chain Barding Armor
43:06 Plate Barding Armor
43:25 Light Cavalry
45:36 Bloodlines
[SICK] WhiteSun
11:47 Feudal Age
12:52 Double-Bit Axe
15:03 Loom
17:28 Castle Age
15:58 Stone Mining
16:20 Padded Archer Armor
16:31 Horse Collar
17:18 Forging
17:49 Gold Mining
18:38 Bow Saw
20:06 Leather Archer Armor
21:00 Wheelbarrow
24:23 Scale Barding Armor
25:03 Bloodlines
25:37 Town Watch
26:20 Husbandry
30:48 Masonry
31:06 Chain Barding Armor
39:07 Imperial Age
36:59 Fortified Wall
37:36 Hand Cart
39:54 Iron Casting
39:19 Cavalier
40:25 Conscription
40:52 Plate Barding Armor
43:28 Heavy Plow
45:44 Two-Man Saw
45:35 Architecture
46:51 Hoardings
49:03 Coinage
federx
0:28 Loom
9:38 Feudal Age
10:19 Double-Bit Axe
15:44 Castle Age
14:00 Gold Mining
15:07 Horse Collar
17:08 Heavy Plow
19:19 Bow Saw
20:58 Scale Barding Armor
23:13 Forging
23:18 Heavy Plow
25:41 Chain Barding Armor
32:13 Wheelbarrow
31:25 Town Watch
32:49 Iron Casting
35:39 Imperial Age
36:32 Plate Barding Armor
35:27 Heavy Camel Rider
36:08 Husbandry
36:19 Bloodlines
37:42 Conscription
40:59 Blast Furnace
44:18 Hand Cart
43:47 Cavalier
47:07 Herbal Medicine
48:36 Gold Shaft Mining
Connection lost

Rejoining the realm…

Still unreachable

The connection could not be restored.

Session expired

The server has moved on; the page needs a fresh start.